 Dungeon Crawl Stone Soup version 0.18.1-6-gd335043 (webtiles) character file.

170 M4edhros the Changer (level 5, -5/36 HPs)
             Began as a Vampire Transmuter on May 16, 2016.
             Was a Follower of Cheibriados.
             Slain by an ogre
             ... wielding a +0 giant spiked club
              (15 damage)
             ... on level 4 of the Dungeon.
             The game lasted 00:06:48 (863 turns).

M4edhros the Changer (Vampire Transmuter)            Turns: 863, Time: 00:06:49

Health: -5/36      AC: 13    Str: 13      XL:     5   Next: 25%
Magic:  8/8        EV:  3    Int: 19      God:    Cheibriados [*.....]
Gold:   28         SH:  0    Dex: 13 (17) Spells: 1 memorised, 7 levels left

rFire  . . .     SeeInvis +       - Unarmed
rCold  . . .     Gourm    .     d - +0 plate armour
rNeg   . . .     Faith    .     (no shield)
rPois  .         Spirit   .     e - +2 helmet {SInv}
rElec  .         Dismiss  .     (no cloak)
rCorr  .         Reflect  .     (no gloves)
SustAt .         Harm     .     (no boots)
MR     .....                    (no amulet)
Stlth  ..........               (no ring)
                                i - ring of stealth

@: regenerating very quickly, very slow, not resistant to hostile enchantments,
extremely unstealthy
A: fangs 3, see invisible, unbreathing
a: Bend Time, Renounce Religion


You were on level 4 of the Dungeon.
You worshipped Cheibriados.
Cheibriados was aware of your devotion.
You were almost alive.

You visited 1 branch of the dungeon, and saw 4 of its levels.

You collected 28 gold pieces.

Inventory:

Hand Weapons
 g - a +0 short sword of draining
Missiles
 a - 12 arrows
Armour
 b - a +0 robe
 d - a +0 plate armour (worn)
 e - a +2 helmet of see invisible (worn)
Jewellery
 i - a ring of stealth (left hand)
Potions
 h - 10 potions of blood
Books
 c - a book of Changes

   Spells                             Type                      Level
   a - Beastly Appendage              Transmutation                1
   b - Sticks to Snakes               Transmutation                2
   c - Spider Form                    Transmutation/Poison         3
   d - Ice Form                       Ice/Transmutation            4
   e - Blade Hands                    Transmutation                5


   Skills:
 - Level 0.8 Fighting
 - Level 2.1 Dodging
 + Level 4.5 Unarmed Combat
 - Level 2.0 Spellcasting
 * Level 5.2 Transmutations


You had 7 spell levels left.
You knew the following spells:

 Your Spells              Type           Power        Failure   Level  Hunger
a - Beastly Appendage     Trmt           ###...       100%        1    #......


Dungeon Overview and Level Annotations

Branches:
Dungeon (4/15)
 Temple: D:4-7

Altars:
Cheibriados

Annotations:
D:3 Eustachio
D:4 Grinder


Innate Abilities, Weirdness & Mutations

Your natural rate of healing is extremely fast.
You have razor-sharp teeth.
You have supernaturally acute eyesight.
You can survive without breathing.


Message History

Grinder gestures at you. You resist with significant effort.
Grinder gestures at you.
You shrug off the repeated paralysis!
You can move again.
Unknown command.
Unknown command.
Unknown command.
Grinder gestures at you. You resist with significant effort.
There is an open door here.
Grinder hits you!
* * * LOW HITPOINT WARNING * * *
You writhe in agony. x2
An ogre comes into view. It is wielding a giant spiked club.
The ogre shouts!
Grinder gestures at you.
You struggle to resist.
The ogre hits you with a giant spiked club!
You die...

#.####.###.#<#######
#..........###♣♣♣♣♣♣
######.##### ♣.....
#.# ###♣.5... #.#
#.'..♣.♣. #####.#
#.#♣.....
#.#...#####.#♣.....
###.#.#.......#♣♣♣♣♣♣
#.5O@.#....####
.#####.#####....#
!...........'....#
.......5#####....#
.......?# #....#
######### ###....#
#......# #......#
#....###


You could see Grinder and an ogre.

Vanquished Creatures
  An ogre (D:4)
  Natasha (D:4)
  Robin (D:2)
  2 adders (D:3)
  An orc (D:4)
  2 bats
  2 giant cockroaches (D:3)
  10 goblins
  9 hobgoblins
  2 kobolds
  A giant newt (D:3)
  2 rats
34 creatures vanquished.

Notes
Turn   | Place    | Note
--------------------------------------------------------------
     0 | D:1      | M4edhros the Vampire Transmuter began the quest for the Orb.
     0 | D:1      | Reached XP level 1. HP: 14/14 MP: 3/3
    56 | D:1      | Found a snail-covered altar of Cheibriados.
    58 | D:1      | lol. chei at 57 turns
    64 | D:1      | Became a worshipper of Cheibriados the Contemplative
   215 | D:2      | Found a snail-covered altar of Cheibriados.
   248 | D:2      | Reached XP level 2. HP: 18/20 MP: 5/5
   273 | D:2      | Reached skill level 3 in Transmutations
   299 | D:3      | Noticed Robin
   331 | D:2      | Killed Robin
   331 | D:2      | Reached XP level 3. HP: 20/25 MP: 6/6
   340 | D:3      | Reached * piety under Cheibriados
   483 | D:3      | Reached skill level 4 in Transmutations
   553 | D:4      | Noticed an ogre
   659 | D:4      | Killed an ogre
   659 | D:4      | Reached skill level 5 in Transmutations
   659 | D:4      | Reached XP level 4. HP: 31/31 MP: 7/7
   659 | D:4      | Reached XP level 5. HP: 36/36 MP: 8/8
   719 | D:4      | Noticed Eustachio
   749 | D:4      | Noticed Natasha
   789 | D:4      | Killed Natasha
   834 | D:4      | Noticed Grinder
   836 | D:4      | Paralysed by Grinder for 6 turns
   848 | D:4      | Paralysed by Grinder for 5 turns
   859 | D:4      | Noticed an ogre
   863 | D:4      | Slain by an ogre

Skill      XL: |  1  2  3 |
---------------+----------+-----
Transmutations | 3 5 |  5.2
Unarmed Combat | 4 |  4.5
Fighting       | |  0.8
Dodging        | |  2.1
Spellcasting   | |  2.0

Action                   |  1- 3 |  4- 6 || total
-------------------------+-------+-------++-------
Melee: Unarmed           |   197 |    35 ||   232
       Bite              |    16 |     5 ||    21
       Punch             |       |     2 ||     2
  Use: Potion            |     9 |     2 ||    11
Armor: Plate armour      |   186 |   122 ||   308
Dodge: Dodged            |    34 |    23 ||    57
